 Dungeon Crawl Stone Soup version 0.30-a0-279-g4b46babb21 (webtiles) character file.

Game seed: 15530584667498285357

1155 RascalDebosk the Magician (level 8, -1/58 HPs)
             Began as a Djinni Conjurer on Oct 17, 2022.
             Was an Initiate of Ashenzari.
             Shot with an arrow by a centaur (7 damage)
             ... on level 6 of the Dungeon.
             The game lasted 00:35:34 (4695 turns).

RascalDebosk the Magician (Djinni Conjurer)         Turns: 4695, Time: 00:35:35

Health: -1/58      AC:  8    Str:  6    XL:     8   Next: 66%
Gold:   37         EV: 12    Int: 20    God:    Ashenzari [......] SH:  0 Dex: 17

rFire   + + .      SeeInvis .    s - +2 dagger (speed)
rCold   x . .      Faith    .    (no shield)
rNeg    . . .      Spirit   .    C - +3 leather armour of Serendipity {Regen+ Dex+3}
rPois   ∞          Reflect  .    A - +0 helmet
rElec   .          Harm     .    u - scarf {+Inv}
rCorr   .          Rampage  .    m - +0 pair of gloves
Will    .....                    (boots unavailable)
Stlth   ++........               (no amulet)
HPRegen 1.09/turn                G - ring of wizardry
MPRegen 0.00/turn                (no ring)

@: flying
A: sickness immunity, fire resistance 2, cold vulnerability 1, float, innate
caster, HP casting, extra vitality 1
a: Renounce Religion, Evoke Invisibility


You were on level 6 of the Dungeon.
You worshipped Ashenzari.
Ashenzari was noncommittal.
You visited 1 branch of the dungeon, and saw 6 of its levels.
You also visited: Sewer.

You collected 421 gold pieces.
You spent 384 gold pieces at shops.

Inventory:

Hand Weapons
 s - a +2 dagger of speed (weapon)
 F - a +4 dagger
Armour
 m - a +0 pair of gloves (worn)
 u - a scarf of invisibility (worn)
 A - a +0 helmet (worn)
 C - the +3 leather armour of Serendipity (worn) {Regen+ Dex+3}
   (You bought it in a shop on level 1 of the Dungeon)

   Dex:       It affects your dexterity (+3).
   Regen:     It increases your rate of health regeneration.
Jewellery
 G - a ring of wizardry (left hand)
Scrolls
 d - 4 scrolls of enchant weapon {unknown}
 g - a scroll of poison {unknown}
 h - 2 scrolls of enchant armour {unknown}
 i - a scroll of magic mapping {unknown}
 j - a scroll of fear {unknown}
 l - a scroll of noise {unknown}
 t - 2 scrolls of torment {unknown}
 v - 3 scrolls of teleportation {unknown}
 x - 2 scrolls of immolation {unknown}
 y - 2 scrolls of silence {unknown}
 B - 2 scrolls of amnesia {unknown}
 E - a scroll of butterflies {unknown}
Potions
 a - a potion of ambrosia {unknown}
 b - 2 potions of mutation
 c - 3 potions of might
 e - 5 potions of curing
 f - 3 potions of berserk rage
 k - 2 potions of lignification
 n - 2 potions of brilliance
 o - a potion of magic {unknown}
 p - 2 potions of cancellation
 q - a potion of attraction {unknown}
 r - a potion of degeneration {unknown}
 w - 2 potions of heal wounds
 z - a potion of flight {unknown}
 D - 3 potions of haste {unknown}


   Skills:
 + Level 4.5 Fighting
 - Level 4.0 Armour
 - Level 2.1 Dodging
 + Level 2.4 Stealth
 * Level 6.3 Spellcasting


You couldn't memorise any spells.
You knew the following spells:

 Your Spells              Type           Power      Damage    Failure   Level
a - Magic Dart            Conj           100%       1d8       1%          1
b - Searing Ray           Conj           62%        2d6       1%          2
c - Dazzling Flash        Conj/Hex       62%        N/A       1%          3
d - Fulminant Prism       Conj/Hex       15%        3d11      4%          4
e - Iskenderun's Mystic   Conj/Tloc      31%        2d8       4%          4
f - Shock                 Conj/Air       100%       1d9       1%          1
g - Poisonous Vapours     Pois/Air       62%        N/A       1%          2
h - Ignite Poison         Fire/Tmut/Pois 31%        N/A       1%          3
Your spell library was empty.

Dungeon Overview and Level Annotations

Branches:
Dungeon (6/15)             Temple (0/1) D:6           Sewer (visited)

Altars:
Ashenzari
The Shining One

Shops:
D:1 *[[(   D:6 :


Innate Abilities, Weirdness & Mutations

You are immune to sickness and miasma.
You are immune to poison.
Your flesh is very heat resistant. (rF++)
You are vulnerable to cold. (rC-)
You float through the air rather than walking.
You learn spells naturally, not from books.
Your magical power is your life essence.
You have superior vitality. (+4 MHP)


Message History

Confirm with . or Enter, or press ? or * to list all spells.
You erupt in a blast of force!
The mystic blast hits the hound!
You kill the hound!
Your Stealth skill increases to level 2!
Casting: Iskenderun's Mystic Blast (dangerous; 5% risk of failure)
Confirm with . or Enter, or press ? or * to list all spells.
You erupt in a blast of force!
The mystic blast hits the scorpion!
The scorpion is severely wounded.
The scorpion is knocked back by the mystic blast.
The scorpion slams into the rock wall!
The scorpion is almost dead.
Casting: Iskenderun's Mystic Blast (dangerous; 5% risk of failure)
Confirm with . or Enter, or press ? or * to list all spells.
You erupt in a blast of force!
The mystic blast hits the scorpion.
The scorpion is almost dead.
The scorpion is knocked back by the mystic blast.
The scorpion slams into the rock wall!
You kill the scorpion!
You see here a scorpion corpse.
There is a stone staircase leading down here.
Found a staircase to the Ecumenical Temple. 2 killer bees come into view.
The killer bee buzzes angrily.
Something stings the bush but does no damage.
A killer bee comes into view.
The killer bee buzzes angrily. x2
The killer bee stings you but does no damage.
The killer bee stings you.
Casting: Iskenderun's Mystic Blast (dangerous; 4% risk of failure)
Confirm with . or Enter, or press ? or * to list all spells.
You erupt in a blast of force!
The mystic blast hits the killer bee!
The killer bee is heavily wounded.
The killer bee is knocked back by the mystic blast.
You hear a shout!
Casting: Iskenderun's Mystic Blast (dangerous; 4% risk of failure)
Confirm with . or Enter, or press ? or * to list all spells.
You erupt in a blast of force!
The mystic blast hits the killer bee!
The killer bee is almost dead.
The killer bee is knocked back by the mystic blast.
The killer bee collides with the killer bee!
The killer bee is moderately wounded.
The killer bee is almost dead.
The mystic blast hits the killer bee!
The killer bee is almost dead.
The killer bee is knocked back by the mystic blast.
The killer bee collides with the killer bee!
You kill the killer bee!
Casting: Iskenderun's Mystic Blast (dangerous; 4% risk of failure)
Confirm with . or Enter, or press ? or * to list all spells.
You erupt in a blast of force!
The mystic blast hits the killer bee!
You kill the killer bee!
The mystic blast hits the killer bee!
You kill the killer bee!
A centaur comes into view.
Aiming: Magic Dart (safe; 1% risk of failure)
Press: ? - help, Q - select action, (/) - cycle Shift-Dir - straight line, f - centaur
Aim: a centaur (wandering, hasn't noticed you, 100% to hit)
The magic dart hits the centaur.
The centaur is moderately wounded.
The centaur shouts!
Aiming: Magic Dart (safe; 1% risk of failure)
Press: ? - help, Q - select action, (/) - cycle Shift-Dir - straight line, f/p - centaur
Aim: a centaur (moderately wounded, 100% to hit)
The magic dart hits the centaur but does no damage.
The centaur is moderately wounded.
The centaur wields a +0 shortbow.
The centaur shoots an arrow.
The arrow hits you!
The centaur shoots an arrow.
The arrow hits you.
Aiming: Magic Dart (safe; 1% risk of failure)
Press: ? - help, Q - select action, (/) - cycle Shift-Dir - straight line, f/p - centaur
Aim: a centaur, wielding a +0 shortbow (moderately wounded, 100% to hit)
The magic dart hits the centaur but does no damage.
The centaur is moderately wounded.
The centaur shoots an arrow.
The arrow hits you!
* * * LOW HITPOINT WARNING * * *
Aiming: Magic Dart (safe; 1% risk of failure)
Press: ? - help, Q - select action, (/) - cycle Shift-Dir - straight line, f/p - centaur
Aim: a centaur, wielding a +0 shortbow (moderately wounded, 100% to hit)
The magic dart hits the centaur but does no damage.
The centaur is moderately wounded.
* * * LOW HITPOINT WARNING * * *
The centaur shoots an arrow.
The arrow hits you!
* * * LOW HITPOINT WARNING * * *
The centaur shoots an arrow.
The arrow barely misses you.
The centaur shoots an arrow.
The arrow hits you!
* * * LOW HITPOINT WARNING * * *
The centaur shoots an arrow.
The arrow hits you.
* * * LOW HITPOINT WARNING * * *
The centaur shoots an arrow.
The arrow hits you.
* * * LOW HITPOINT WARNING * * *
The centaur shoots an arrow.
The arrow hits you.
* * * LOW HITPOINT WARNING * * *
Casting: Magic Dart (safe; 1% risk of failure)
Confirm with . or Enter, or press ? or * to list all spells.
You erupt in a blast of force!
The mystic blast hits the centaur.
The centaur is heavily wounded.
The centaur is knocked back by the mystic blast.
* * * LOW HITPOINT WARNING * * *
You hear a loud, deep croak!
The centaur shoots an arrow.
The arrow hits you!
You die...

###.. #...........).
#.... ######.#..####
#.P.P. #.#..## # #..>..#
#.#.†.###
#.P.P.†##########.#.#...#
#.................#.###..
########.########.....##.
#.# #.....##. #@#
#.....### #.# #.....# #
#.# #.....# # #c# #.....#
# ... #.....# ... #.....#
... #.....# ..... ###.###
#.#


You could see a centaur.

Vanquished Creatures
  A water moccasin (Sewer)
  A black bear (D:4)
  An orc warrior (D:6)
  An ice beast (D:6)
  A bullfrog (D:6)
  A scorpion (D:6)
  3 killer bees (D:6)
  A hound (D:6)
  2 jellies
  An orc priest (D:6)
  2 iguanas (D:4)
  5 orc wizards
  10 adders
  A shadow imp (D:6)
  A white imp (D:6)
  2 worms
  A dart slug (D:5)
  16 orcs
  3 ball pythons
  9 bats
  4 endoplasms
  3 giant cockroaches
  10 hobgoblins
  3 jackals (D:3)
  A quokka (D:2)
  3 frilled lizards
  7 goblins
  8 kobolds
  5 rats
107 creatures vanquished.

Vanquished Creatures (others)
  11 plants (D:4)
11 creatures vanquished.

Grand Total: 118 creatures vanquished

Notes
Turn   | Place    | Note
-------+----------+-------------------------------------------
     0 | D:1      | RascalDebosk the Djinni Conjurer began the quest for the
                  | Orb.
     0 | D:1      | RascalDebosk set off with the following spells memorised:
                  | Magic Dart, Searing Ray, Dazzling Flash, Fulminant Prism,
                  | Iskenderun's Mystic Blast.
     0 | D:1      | Reached XP level 1. HP: 15/15 MP: 0/0
    73 | D:1      | Found Tataeb's Antique Weapon Shoppe.
   218 | D:1      | Found Unilirch's Antique Armour Boutique.
   306 | D:1      | Found Uleumotwoc's General Store.
   317 | D:1      | Reached XP level 2. HP: 10/22 MP: 0/0
   558 | D:1      | Found Tywafax's Armour Shoppe.
   741 | D:1      | Bought a +0 pair of gloves for 54 gold pieces
   907 | D:2      | Reached skill level 1 in Fighting
   907 | D:2      | Reached XP level 3. HP: 15/27 MP: 0/0
   907 | D:2      | Learned a level 1 spell: Shock
  1315 | D:2      | Reached skill level 1 in Armour
  1316 | D:2      | Reached XP level 4. HP: 25/32 MP: 0/0
  1937 | D:3      | Reached skill level 4 in Spellcasting
  2539 | D:3      | Reached XP level 5. HP: 35/38 MP: 0/0
  2539 | D:3      | Learned a level 2 spell: Poisonous Vapours
  2792 | D:1      | Bought a distressingly furry leather armour for 154 gold
                  | pieces
  2792 | D:1      | Identified the +3 leather armour of Serendipity {Regen+
                  | Dex+3} (You bought it in a shop on level 1 of the Dungeon)
  2893 | D:4      | Noticed a black bear
  2903 | D:4      | Killed a black bear
  2904 | D:4      | Reached XP level 6. HP: 27/45 MP: 0/0
  2986 | D:4      | Found a glowing drain.
  3001 | Sewer    | Entered a sewer
  3022 | Sewer    | Noticed a water moccasin
  3033 | Sewer    | Killed a water moccasin
  3034 | Sewer    | Reached XP level 7. HP: 27/50 MP: 0/0
  3034 | Sewer    | Learned a level 3 spell: Ignite Poison
  3122 | D:4      | Reached skill level 5 in Spellcasting
  3122 | D:4      | Found a glowing golden altar of the Shining One.
  3685 | D:5      | Entered Level 5 of the Dungeon
  3922 | D:5      | Found a broken altar of Ashenzari.
  3929 | D:5      | Became a worshipper of Ashenzari the Shackled
  4206 | D:1      | Bought a glowing scarf for 176 gold pieces
  4414 | D:6      | Reached XP level 8. HP: 25/58 MP: 0/0
  4448 | D:6      | Found Deiwkellu's Self-Improvement Boutique.
  4562 | D:6      | Reached skill level 6 in Spellcasting
  4681 | D:6      | Found a staircase to the Ecumenical Temple.
  4695 | D:6      | Shot with an arrow by a centaur

Illustrated notes

Levels and vault maps discovered:
D:1:      dpeg_arrival_radiant, layout_loops_ring, serial_shops, shop,
          shop_statue, shop, shop
D:2:      layout_basic, basic_altar
D:3:      layout_basic
D:4:      layout_rooms, mainiacjoe_overflow_catch_the_wave, portal_sewer_entry_a
D:5:      layout_cave_pools, mainiacjoe_overflow_paths
D:6:      layout_basic, minmay_temple_entry_trees, eino_curves_01,
          nicolae_shop_self_help

Skill      XL: |  1  2  3  4  5  6  7  8 |
---------------+-------------------------+-----
Fighting       | 1 2 3 4 |  4.5
Armour         | 1 2 3 4 |  4.0
Spellcasting   | 4 5 6 |  6.3
Stealth        | 2 |  2.4
Dodging        | |  2.1

Action                   |  1- 3 |  4- 6 |  7- 9 || total
-------------------------+-------+-------+-------++-------
Melee: Dagger            |     1 |       |     5 ||     6
 Cast: Magic Dart        |    61 |    98 |   108 ||   267
       Searing Ray       |     1 |     3 |     1 ||     5
       Iskenderun's Myst |       |     4 |    18 ||    22
       Poisonous Vapours |       |     1 |       ||     1
  Use: Scroll            |       |       |     7 ||     7
Armor: Robe              |     2 |       |       ||     2
       Leather armour    |     1 |     7 |     9 ||    17
Dodge: Dodged            |    10 |    26 |     7 ||    43

Table legend: (Time is in decaauts)
 A = Elapsed time spent in this place.
 B = Non-inter-level travel time spent in this place.
 C = Inter-level travel time spent in this place.
 D = Time resting spent in this place.
 E = Time spent auto-exploring this place.
 F = Levels seen in this place.
 G = Mean time per level.
                   A        B        C        D        E       F      G
               +--------+--------+--------+--------+--------+-----+--------+
         Total |   4699 |   4154 |    545 |     37 |   3381 |   7 |  671.3 |
       Dungeon |   4606 |   4061 |    545 |     37 |   3335 |   6 |  767.7 |
         Sewer |     92 |     92 |      0 |      0 |     46 |   1 |   92.0 |
               +--------+--------+--------+--------+--------+-----+--------+

Top non-repeatable levels by time:
     D:3: 1283 daAuts
     D:1: 1043 daAuts
     D:2: 757 daAuts
     D:4: 631 daAuts
     D:5: 487 daAuts
     D:6: 403 daAuts
   Sewer: 92 daAuts
